 Dungeon Crawl Stone Soup version 0.26-a0-660-gc07710193c (webtiles) character file.

Game seed: 8162353431391153020

4 lunkers the Sneak (level 1, -5/14 HPs)
             Began as a Kobold Delver on Oct 7, 2020.
             Slain by a killer bee (7 damage)
             ... on level 5 of the Dungeon.
             The game lasted 00:00:32 (188 turns).

lunkers the Sneak (Kobold Delver)                    Turns: 188, Time: 00:00:32

Health: -5/14      AC:  3    Str:  9    XL:     1   Next: 77%
Magic:  1/1        EV: 14    Int: 11    God:
Gold:   19         SH:  0    Dex: 16    Spells: 0/0 levels left

rFire    . . .     SeeInvis .   a - +0 short sword
rCold    . . .     Faith    .   (shield restricted)
rNeg     . . .     Spirit   .   b - +0 leather armour
rPois    .         Reflect  .   (no helmet)
rElec    .         Harm     .   (no cloak)
rCorr    .         Rampage  .   (no gloves)
MR       .....                  (no boots)
Stlth    ++++......             (no amulet)
HPRegen  0.04/turn              (no ring)
MPRegen  0.07/turn              (no ring)

@: lethally poisoned (-5 -> -14)
A: small, nightstalker 3
a: no special abilities


You were on level 5 of the Dungeon.
You visited 1 branch of the dungeon, and saw 1 of its levels.

You collected 19 gold pieces.

Inventory:

Hand Weapons
 a - a +0 short sword (weapon)
Armour
 b - a +0 leather armour (worn)
Jewellery
 h - an uncursed ring of wizardry
 i - an uncursed ring of protection from cold {unknown}
Wands
 g - a wand of digging (3)
Scrolls
 c - a scroll of fog
 d - a scroll of magic mapping
 e - a scroll of fear
Potions
 f - a potion of haste


   Skills:
 - Level 3.2 Fighting
 + Level 3.0 Short Blades
 - Level 2.4 Dodging
 + Level 6.8 Stealth


You couldn't memorise any spells.
You didn't know any spells.
Your spell library was empty.

Dungeon Overview and Level Annotations

Branches:
Dungeon (5/15)
 Temple: D:4-7

Altars:


Innate Abilities, Weirdness & Mutations

You are small and have problems with some larger weapons.
You are completely attuned to the shadows.


Message History

You barely miss the worker ant.
The orc shouts!
The worker ant bites you.
The killer bee buzzes angrily.
The jelly quivers.
There is a fountain of clear blue water here.
There is a fountain of clear blue water here.
The killer bee closely misses you. The orc closely misses you.
The killer bee barely misses you.
The killer bee stings you but does no damage.
The killer bee closely misses you.
You hit the killer bee.
The killer bee is moderately wounded.
The killer bee stings you!
Ouch! That really hurt!
* * * LOW HITPOINT WARNING * * *
You are lethally poisoned!
The killer bee poisons you! The killer bee stings you!
Ouch! That really hurt!
You die...

........#.....#.y...#
.. ###.##.#..#..#.....#
..(
#.##.###.#####.#####.##
#..........#..B..#.....
#.#.....##.#.....#.#
#.########(B⌠.⌠.⌠..# #
#.# #o#.....#.##.# #.#
#y#..⌠..#....#
#@###.###.##.#
#.........##.#
###.#.......#
#.....#####.#
####.......# .
.......#.#.#
####..#.##.# #####..###
# .......#


You could see a worker ant, a killer bee and an orc.

Vanquished Creatures
  An ooze (D:5)
1 creature vanquished.

Notes
Turn   | Place    | Note
-------+----------+-------------------------------------------
     0 | D:5      | lunkers the Kobold Delver began the quest for the Orb.
     0 | D:5      | Reached XP level 1. HP: 14/14 MP: 1/1
   177 | D:5      | Noticed a worker ant
   178 | D:5      | Noticed a jelly
   179 | D:5      | Noticed a killer bee
   188 | D:5      | Slain by a killer bee

Illustrated notes

Levels and vault maps discovered:
D:5:      layout_loops_ring, minmay_chambers_of_fives

Skill      XL: |  1 |
---------------+----+-----
Short Blades   | 3 |  3.0
Fighting       | |  3.2
Dodging        | |  2.4
Stealth        | |  6.8

Action                   || total
-------------------------++-------
Melee: Short sword       ||     9
Armor: Leather armour    ||     2
Dodge: Dodged            ||     6

Table legend: (Time is in decaauts)
 A = Elapsed time spent in this place.
 B = Non-inter-level travel time spent in this place.
 C = Inter-level travel time spent in this place.
 D = Time resting spent in this place.
 E = Time spent auto-exploring this place.
 F = Levels seen in this place.
 G = Mean time per level.
                   A        B        C        D        E       F      G
               +--------+--------+--------+--------+--------+-----+--------+
         Total |    186 |    186 |      0 |      0 |    136 |   1 |  186.0 |
       Dungeon |    186 |    186 |      0 |      0 |    136 |   1 |  186.0 |
               +--------+--------+--------+--------+--------+-----+--------+

Top non-repeatable levels by time:
     D:5: 186 daAuts
